 Dungeon Crawl Stone Soup version 0.31-a0-237-g2d982f9f85 (webtiles) character file.

Game seed: 14572944842221265457

3378 rabbitsville the Arsonist (level 10, 0/62 HPs)
             Began as a Hill Orc Fire Elementalist on July 12, 2023.
             Was a Believer of Hepliaklqana.
             Hit by a stone thrown by something (2 damage)
             ... on level 8 of the Dungeon.
             The game lasted 00:14:09 (7863 turns).

rabbitsville the Arsonist (HOFE)                    Turns: 7863, Time: 00:14:10

Health: 0/62       AC:  7    Str: 14    XL:     10   Next: 3%
Magic:  4/23       EV: 12    Int: 17    God:    Hepliaklqana [**....]
Gold:   384        SH:  0    Dex: 11    Spells: 12/15 levels left

rFire   . . .        x - +2 trident (holy)
rCold   . . .        (no shield)
rNeg    + . .        m - +1 robe
rPois   .            (no helmet)
rElec   .            (no cloak)
rCorr   .            o - +0 pair of gloves
SInv    .            D - +2 pair of boots
Will    .....        w - amulet of the acrobat
Stlth   ++           k - ring of magical power
HPRegen 0.30/turn    O - ring of positive energy
MPRegen 0.18/turn

%: acrobat
@: no status effects
A: reduced essence
a: Renounce Religion, Recall Ancestor, Ancestor Identity


You were on level 8 of the Dungeon.
You worshipped Hepliaklqana.
Hepliaklqana was pleased with you.
You visited 1 branch of the dungeon, and saw 8 of its levels.

You collected 384 gold pieces.

Inventory:

Hand Weapons
 j - a +0 spear
 x - a +2 trident of holy wrath (weapon)
Missiles
 B - a throwing net
Armour
 a - a +0 robe
 m - a +1 robe (worn)
 o - a +0 pair of gloves (worn)
 y - a +0 pair of boots
 D - a +2 pair of boots (worn)
Jewellery
 k - a ring of magical power (left hand)
 w - an amulet of the acrobat (around neck)
 O - a ring of positive energy (right hand)
 P - a ring of protection from cold
Wands
 E - a wand of roots (10)
 F - a wand of paralysis (7)
 I - a wand of polymorph (8)
 L - a wand of digging (5)
Scrolls
 d - 6 scrolls of identify {unknown}
 e - 4 scrolls of immolation {unknown}
 f - 2 scrolls of fear {unknown}
 g - a scroll of silence {unknown}
 l - a scroll of enchant armour {unknown}
 n - 5 scrolls of teleportation {unknown}
 A - a scroll of brand weapon {unknown}
 C - 2 scrolls of noise {unknown}
 H - a scroll of revelation {unknown}
 K - 3 scrolls of blinking {unknown}
 M - a scroll of fog {unknown}
 N - a scroll of poison {unknown}
Potions
 b - 2 potions of magic
 c - 3 potions of cancellation {unknown}
 h - a potion of heal wounds {unknown}
 i - 5 potions of curing {unknown}
 p - 4 potions of enlightenment {unknown}
 q - 2 potions of degeneration {unknown}
 r - 2 potions of mutation {unknown}
 s - a potion of lignification {unknown}
 t - 2 potions of might {unknown}
 u - a potion of haste {unknown}
 v - 2 potions of brilliance {unknown}
 z - a potion of berserk rage {unknown}
 G - 2 potions of attraction {unknown}


   Skills:
 - Level 1.5 Dodging
 - Level 1.5 Stealth
 - Level 3.0 Spellcasting
 + Level 7.4 Conjurations
 * Level 12.7 Fire Magic


You had 12 spell levels left.
You knew the following spells:

 Your Spells              Type           Power      Damage    Failure   Level
a - Foxfire               Conj/Fire      100%       2x1d9     1%          1
b - Scorch                Fire           90%        2d8       1%          2

Your spell library contained the following spells:

 Spells                   Type           Power      Damage    Failure   Level
 Flame Wave               Conj/Fire      36%        2d10      2%          4
 Inner Flame              Hex/Fire       24%        N/A       3%          3
 Volatile Blastmotes      Fire/Tloc      48%        2d14      3%          3
 Dazzling Flash           Conj/Hex       30%        N/A       12%         3
 Summon Small Mammal      Summ           8%         N/A       17%         1
 Ensorcelled Hibernation  Hex/Ice        4%         N/A       26%         2
 Lesser Beckoning         Tloc           4%         N/A       26%         2
 Passwall                 Tmut/Erth      1%         N/A       26%         2
 Call Canine Familiar     Summ           2%         N/A       45%         3
 Gell's Gravitas          Tloc           2%         N/A       45%         3
 Summon Guardian Golem    Hex/Summ       2%         N/A       45%         3
 Swiftness                Air            2%         N/A       45%         3
 Teleport Other           Tloc           2%         N/A       45%         3
 Animate Armour           Summ/Erth      4%         N/A       86%         4
 Summon Lightning Spire   Summ/Air       2%         N/A       86%         4
 Agony                    Necr           2%         N/A       99%         5
 Blade Hands              Tmut           1%         N/A       99%         5
 Silence                  Hex/Air        1%         N/A       99%         5


Dungeon Overview and Level Annotations

Branches:
Dungeon (8/15)             Temple (0/1) D:4            Lair (0/5) D:8

Altars:
Cheibriados
Dithmenos
Elyvilon
Fedhas
Hepliaklqana
Qazlal
Trog
Uskayaw

Shops:
D:4 (

Annotations:
D:3 2 runed translucent doors, Brisketman's ghost, amateur MfGl; Crazy Yiuf
D:8 Maurice


Message History

The foxfire hits Maurice.
Maurice is severely wounded.
Maurice zaps a wand.
The bolt of dispelling energy hits you!
* * * LOW HITPOINT WARNING * * *
The now-empty wand crumbles to dust.
Casting: Foxfire (safe; 1% risk of failure)
Press: ? - help, Q - select action, (/) - cycle Dir - look around, f - activate You conjure some foxfire!
Maurice mumbles some strange words.
Maurice flickers and vanishes!
Deactivating autopickup; reactivate with Ctrl-A.
The foxfire hits something.
Something drops a +0 whip.
Something picks up a +0 halberd.
The foxfire hits something but does no damage.
Throw: 5 javelins
Press: ? - help, Q - select action, (/) - cycle Shift-Dir - straight line You throw a javelin.
A stone appears from out of thin air!
The stone hits you but does no damage.
Throw: 4 javelins
Press: ? - help, Q - select action, (/) - cycle Shift-Dir - straight line You throw a javelin.
A stone appears from out of thin air!
The stone hits you but does no damage.
Throw: 3 javelins
Press: ? - help, Q - select action, (/) - cycle Shift-Dir - straight line You throw a javelin.
A stone appears from out of thin air!
The stone hits you.
* * * LOW HITPOINT WARNING * * *
Throw: 2 javelins
Press: ? - help, Q - select action, (/) - cycle Shift-Dir - straight line You throw a javelin.
Throw: javelin
Press: ? - help, Q - select action, (/) - cycle Shift-Dir - straight line
Okay, then.
A stone appears from out of thin air!
The stone hits you.
* * * LOW HITPOINT WARNING * * *
Throw: javelin
Press: ? - help, Q - select action, (/) - cycle Shift-Dir - straight line You throw a javelin.
A stone appears from out of thin air!
The stone hits you.
You die...

###..........# .....#######.#
.......### #.# ####
.........###.# ....
...P....P.##.####### ########....
...............>.... g.)........
.......P...#.############)(......
P.##R#..P...#.######.†.())()...†.
..#.)#...P..##..@....####.....###
..#>.#......#.######## #.....#
..####[.............. #.....#
P............#######. ##......
..........#.## #..###..
..........#.####### ...# ##
...P.....#...<....# #.#####
........#...#####.## #.. ..#
####..#...#)# ...# #.#


There were no monsters in sight!

Vanquished Creatures
  Sigmund (D:2)
  A yak (D:8)
  A steam dragon (D:6)
  Edmund (D:4)
  A water moccasin (D:8)
  2 ice beasts (D:6)
  3 black bears
  A sky beast (D:7)
  2 centaurs
  2 bullfrogs (D:8)
  6 scorpions
  3 wights (D:8)
  A howler monkey (D:7)
  4 hounds
  2 gnoll boudas
  3 jellies
  An orc priest (D:7)
  Ijyb (D:5)
  Jessica (D:2)
  5 iguanas
  An orc wizard (D:5)
  6 adders
  17 gnolls
  6 shadow imps
  3 white imps
  An ufetubus (D:6)
  2 worms
  21 orcs
  5 endoplasms
  3 giant cockroaches
  7 hobgoblins
  9 jackals
  3 quokkas
  3 ball pythons (D:3)
  4 bats
  2 frilled lizards
  8 goblins
  7 kobolds
  6 rats
156 creatures vanquished.

Vanquished Creatures (collateral kills)
  An orc warrior (D:8)
  A centaur (D:8)
  A wight (D:8)
  A howler monkey (D:8)
  A hound (D:6)
  An iguana (D:7)
  2 orc wizards (D:7)
  4 gnolls (D:8)
  An orc (D:7)
13 creatures vanquished.

Vanquished Creatures (others)
  A gnoll bouda (D:8)
  2 knights (D:8)
  2 ancestors (D:6)
  304 foxfires
309 creatures vanquished.

Grand Total: 478 creatures vanquished

Notes
Turn   | Place    | Note
-------+----------+-------------------------------------------
     0 | D:1      | rabbitsville the Hill Orc Fire Elementalist began the quest
                  | for the Orb.
     0 | D:1      | Reached XP level 1. HP: 14/14 MP: 3/3
   190 | D:1      | Reached XP level 2. HP: 20/20 MP: 1/4
   454 | D:1      | Reached skill level 4 in Fire Magic
   842 | D:2      | Reached XP level 3. HP: 26/26 MP: 6/6
   843 | D:2      | Noticed Sigmund
   855 | D:2      | Killed Sigmund
   856 | D:2      | Reached skill level 5 in Fire Magic
   856 | D:2      | Reached XP level 4. HP: 24/33 MP: 2/8
   856 | D:2      | Reached XP level 5. HP: 27/38 MP: 2/9
   950 | D:2      | Learned a level 2 spell: Scorch
  1041 | D:2      | Found a white marble altar of Elyvilon.
  1237 | D:2      | Reached skill level 6 in Fire Magic
  1379 | D:2      | Noticed Jessica
  1383 | D:2      | Killed Jessica
  1384 | D:2      | Reached XP level 6. HP: 45/45 MP: 10/10
  2094 | D:3      | Found a faded altar of an unknown god.
  2470 | D:3      | Found a runed translucent door.
  2476 | D:3      | Noticed Brisketman's ghost (amateur MfGl)
  2501 | D:3      | Found a hide-covered altar of Uskayaw.
  2715 | D:3      | Found a runed translucent door.
  2716 | D:3      | Noticed Crazy Yiuf
  3064 | D:4      | Found a hazy altar of Hepliaklqana.
  3074 | D:4      | Became a worshipper of Hepliaklqana the Forgotten
  3151 | D:4      | Found Qeittuvoj's Antique Weapon Emporium.
  3169 | D:4      | Noticed Edmund
  3388 | D:4      | Killed Edmund
  3389 | D:4      | Reached skill level 7 in Fire Magic
  3389 | D:4      | Reached XP level 7. HP: 50/50 MP: 11/11
  3701 | D:4      | Found a staircase to the Ecumenical Temple.
  3889 | D:4      | Identified the +1 robe "Uzaoboon" {rF+ SInv}
  4375 | D:5      | Entered Level 5 of the Dungeon
  4400 | D:5      | Reached skill level 8 in Fire Magic
  4531 | D:5      | Reached XP level 8. HP: 50/57 MP: 12/12
  4717 | D:5      | Reached * piety under Hepliaklqana
  4833 | D:5      | Reached skill level 9 in Fire Magic
  4956 | D:5      | Noticed Ijyb
  4958 | D:5      | Paralysed by Ijyb for 2 turns
  4964 | D:5      | Killed Ijyb
  5540 | D:6      | Reached skill level 5 in Conjurations
  5615 | D:6      | Reached skill level 10 in Fire Magic
  5689 | D:6      | Found a blossoming altar of Fedhas.
  5689 | D:6      | Found a stormy altar of Qazlal.
  5846 | D:6      | Reached XP level 9. HP: 44/55 MP: 13/13
  6033 | D:7      | Reached ** piety under Hepliaklqana
  6034 | D:7      | Remembered your ancestor Akiya as a knight
  6277 | D:7      | Reached skill level 11 in Fire Magic
  6368 | D:7      | Found a bloodstained altar of Trog.
  6743 | D:7      | Found a snail-covered altar of Cheibriados.
  7064 | D:8      | Found a shadowy altar of Dithmenos.
  7555 | D:8      | Reached *** piety under Hepliaklqana
  7587 | D:8      | Reached skill level 12 in Fire Magic
  7764 | D:8      | Found a staircase to the Lair.
  7825 | D:8      | Reached XP level 10. HP: 36/62 MP: 5/14
  7852 | D:8      | Noticed Maurice
  7853 | D:8      | HP: 1/62 [Maurice/bolt of dispelling energy (16)]
  7858 | D:8      | HP: 1/62 [something (2)]
  7863 | D:8      | Hit by a stone thrown by something

Illustrated notes

Levels and vault maps discovered:
D:1:      tarquinn_simple_flora_water_d, layout_rooms, serial_corexii_hall,
          chequers_hall_statues_wall_a, corexii_hall_statues_s
D:2:      layout_loops_corners, basic_altar, serial_glass, glass_columns_a,
          glass_columns_b, glass_columns_a, glass_columns_b, glass_columns_a,
          chequers_jeans, minmay_misc_feat_room, dk_vineyard_1, uniq_sigmund,
          uniq_jessica
D:3:      layout_basic, mainiacjoe_overflow_alcove_2,
          hellmonk_ecumenical_altar_pennies_from_heaven,
          ebering_ghost_reflecting_pool, uniq_crazy_yiuf_cottage
D:4:      layout_basic, mainiacjoe_overflow_paths,
          minmay_temple_entry_purple_smoke, serial_shops,
          nicolae_shop_peninsula, uniq_edmund
D:5:      layout_rooms, hangedman_glass_teeth, uniq_ijyb
D:6:      layout_rooms, grunt_temple_overflow_forces_of_nature,
          minmay_misc_feat_nine_boxes
D:7:      layout_basic, mainiacjoe_overflow_concentric_impassable,
          mainiacjoe_overflow_boulevard
D:8:      layout_loops_ring, lemuel_round_altar, grunt_lair_entry_orc_guard_hut,
          uniq_maurice

Skill      XL: |  1  2  3  4  5  6  7  8  9 |
---------------+----------------------------+-----
Fire Magic     | 4 5 6 7 8 10 12 | 12.7
Spellcasting   | 2 3 |  3.0
Conjurations   | 2 3 5 7 |  7.4
Dodging        | |  1.5
Stealth        | |  1.5

Action                     |  1- 3 |  4- 6 |  7- 9 | 10-12 || total
---------------------------+-------+-------+-------+-------++-------
  Melee: Unarmed           |    11 |       |       |       ||    11
         Spear             |    28 |    11 |       |       ||    39
         Trident           |       |     3 |    10 |     7 ||    20
         Punch             |       |       |     2 |       ||     2
  Throw: Javelin           |       |       |       |     5 ||     5
   Cast: Foxfire           |    36 |    60 |    73 |     5 ||   174
         Scorch            |       |    26 |   139 |     2 ||   167
 Invoke: Transference      |       |       |     1 |       ||     1
         Ancestor Life: Kn |       |       |     1 |       ||     1
 Armour: Robe              |     9 |     6 |    20 |     5 ||    40
  Dodge: Dodged            |    34 |     8 |    52 |     8 ||   102

Table legend: (Time is in decaauts)
 A = Elapsed time spent in this place.
 B = Non-inter-level travel time spent in this place.
 C = Inter-level travel time spent in this place.
 D = Time resting spent in this place.
 E = Time spent auto-exploring this place.
 F = Levels seen in this place.
 G = Mean time per level.
                   A        B        C        D        E       F      G
               +--------+--------+--------+--------+--------+-----+--------+
         Total |   7876 |   7728 |    148 |    105 |   6330 |   8 |  984.5 |
       Dungeon |   7876 |   7728 |    148 |    105 |   6330 |   8 |  984.5 |
               +--------+--------+--------+--------+--------+-----+--------+

Top non-repeatable levels by time:
     D:4: 1586 daAuts
     D:2: 1225 daAuts
     D:7: 991 daAuts
     D:3: 948 daAuts
     D:8: 841 daAuts
     D:6: 811 daAuts
     D:5: 742 daAuts
     D:1: 729 daAuts
